 Dungeon Crawl Stone Soup version 0.26-a0-8-gc4d20be (webtiles) character file.

Game seed: 18227357284917245570, levelgen mode: deterministic

31 thirtiethelement the Skirmisher (level 3, 19/29 HPs)
             Began as a Demonspawn Abyssal Knight on May 24, 2020.
             Was an Initiate of Lugonu.
             Got out of the dungeon alive.
             The game lasted 00:01:38 (167 turns).

thirtiethelement the Skirmisher (DsAK)               Turns: 167, Time: 00:01:39

Health: 19/29      AC:  1    Str: 13      XL:     3   Next: 7%
Magic:  4/5        EV: 11    Int:  9      God:    Lugonu [......]
Gold:   0          SH:  0    Dex: 11 (12) Spells: 2/2 levels left

rFire    . . .     SeeInvis .   a - +1 falchion
rCold    . . .     Gourm    .   (no shield)
rNeg     . . .     Faith    .   b - +0 leather armour
rPois    .         Spirit   .   (no helmet)
rElec    .         Reflect  .   (no cloak)
rCorr    .         Harm     .   (no gloves)
MR       +....                  (no boots)
Stlth    +.........             (no amulet)
HPRegen  0.09/turn              e - ring of protection from magic
MPRegen  0.09/turn              (no ring)

@: no status effects
A: hooves 1, [blurry vision 2], [deformed body], [dopey 2], [no potion heal 2]
a: Renounce Religion


You escaped.
You worshipped Lugonu.
Lugonu was noncommittal.
You were not hungry.

You visited 1 branch of the dungeon, and saw 1 of its levels.
You visited the Abyss 1 time.

Inventory:

Hand Weapons
 a - a +1 falchion (weapon)
Armour
 b - a +0 leather armour (worn)
Jewellery
 e - a ring of protection from magic (left hand)
Wands
 d - a wand of paralysis (8)
 f - a wand of clouds (7)
Comestibles
 c - 2 rations


   Skills:
 + Level 3.5 Fighting
 + Level 2.1 Long Blades
 + Level 2.0 Armour
 + Level 1.0 Dodging
 + Level 0.9 Stealth
 + Level 2.6 Invocations


You had 2 spell levels left.
You didn't know any spells.
Your spell library was empty.

Dungeon Overview and Level Annotations

Branches:
Dungeon (1/15)

Altars:


Innate Abilities, Weirdness & Mutations

You have large cloven feet.
[Scrolls take you longer to read.]
[Armour fits poorly on your strangely shaped body.]
[You are very dopey. (Int -4)]
[Potions are poor at restoring your health.]


Message History

Increase (S)trength, (I)ntelligence, or (D)exterity?
You feel stronger.
The substance of the Abyss twists violently, and a gateway leading out appears!
The wretched star pulses with an eldritch light!
You feel stupid. x2; Your vision blurs. x2
The wretched star pulses with an eldritch light!
Your body twists and deforms.
Found a crooked fluorescent wand.
A bone dragon comes into view.
The wretched star pulses with an eldritch light!
Your system partially rejects the healing effects of potions.
Your system mostly rejects the healing effects of potions.
A large abomination comes into view.
You see here a wand of clouds (7).
f - a wand of clouds (7)
You pass through the gate.
You can no longer depart the Abyss at will.
There is a staircase leading out of the dungeon here.
Are you sure you want to leave the Dungeon?
This will make you lose the game!
You have escaped!

###
#..
#.#
#.#
#@#
#.#
#.#
#.#
..#
###


There were no monsters in sight!

Vanquished Creatures
  A quasit (Abyss:2)
1 creature vanquished.

Notes
Turn   | Place    | Note
-------+----------+-------------------------------------------
     0 | Abyss:1  | thirtiethelement the Demonspawn Abyssal Knight began the
                  | quest for the Orb.
     0 | Abyss:1  | Reached XP level 1. HP: 18/18 MP: 2/2
    49 | Abyss:1  | Found a corrupted altar of Lugonu.
   123 | Abyss:2  | Noticed a chaos spawn
   126 | Abyss:2  | Noticed a quasit
   144 | Abyss:2  | Killed a quasit
   144 | Abyss:2  | Reached skill level 1 in Dodging
   144 | Abyss:2  | Gained mutation: You have large cloven feet. [demonic
                  | ancestry]
   144 | Abyss:2  | Reached XP level 2. HP: 14/24 MP: 4/4
   144 | Abyss:2  | Reached XP level 3. HP: 17/29 MP: 5/5
   154 | Abyss:2  | Noticed a wretched star
   158 | Abyss:2  | Noticed a bone dragon
   160 | Abyss:2  | Noticed a large abomination
   165 | D:1      | Escaped the Abyss
   167 | D:$      | Got out of the dungeon alive.

Illustrated notes

Levels and vault maps discovered:
D:1:      matt_arrival_spirals, layout_basic

Skill      XL: |  1 |
---------------+----+-----
Long Blades    | 2 |  2.1
Armour         | 2 |  2.0
Dodging        | 1 |  1.0
Fighting       | |  3.5
Stealth        | |  0.9
Invocations    | |  2.6

Action                   || total
-------------------------++-------
Melee: Falchion          ||    12
Invok: Depart the Abyss  ||     1
Evoke: Wand              ||     2
 Stab: Paralysed         ||     5
Armor: Leather armour    ||    17
Dodge: Dodged            ||    17
       Rpst.: Falchion   ||     2

Table legend:
 A = Non-vault XP
 B = Vault XP
 C = Vault XP percentage of total XP
 D = Non-vault monster count
 E = Vault monster count
 F = Vault count percentage of total count
                 A         B        C        D         E       F
            +---------+---------+-------+---------+---------+-------
      Total |      45 |       0 |   0.0 |       1 |       0 |   0.0
            +---------+---------+-------+---------+---------+-------
    Abyss:2 |      45 |       0 |   0.0 |       1 |       0 |   0.0
            +---------+---------+-------+---------+---------+-------
